 Dungeon Crawl Stone Soup version 0.28-a0-194-g42b4daccc1 (webtiles) character file.

Game seed: 10559678818626219492

2807 rogsnak the Thaumaturge (level 10, -10/67 HPs)
             Began as a Djinni Fire Elementalist on Aug 17, 2021.
             Was a Priest of the Shining One.
             Mangled by a gargoyle (17 damage)
             ... on level 7 of the Dungeon on Aug 18, 2021.
             The game lasted 00:27:41 (8238 turns).

rogsnak the Thaumaturge (Djinni Fire Elementalist)  Turns: 8238, Time: 00:27:42

Health: -10/67     AC:  3    Str:  7    XL:     10   Next: 2%
Gold:   422        EV: 14    Int: 25    God:    the Shining One [***...] SH:  0 Dex: 15

rFire   + + +      SeeInvis .   I - staff of fire
rCold   x x .      Faith    .   (no shield)
rNeg    + . .      Spirit   .   a - +0 robe
rPois   ∞          Reflect  .   (no helmet)
rElec   .          Harm     .   w - +0 cloak
rCorr   .          Rampage  .   (no gloves)
Will    +....                   (boots unavailable)
Stlth   +.........              (no amulet)
HPRegen 0.21/turn               J - ring of fire
MPRegen 0.00/turn               c - +6 ring of intelligence

@: flying, very slightly contaminated, glowing
A: sickness immunity, fire resistance 2, cold vulnerability 1, float, innate
caster, hp casting, extra vitality 1
a: Renounce Religion, Divine Shield


You were on level 7 of the Dungeon.
You worshipped the Shining One.
The Shining One was most pleased with you.
You visited 1 branch of the dungeon, and saw 7 of its levels.
You also visited: Ossuary.

You collected 422 gold pieces.

Inventory:

Hand Weapons
 s - a +4 mace of holy wrath
 D - a +0 halberd of venom
Missiles
 e - 43 bolts
 h - 76 sling bullets
 n - 35 poisoned darts
 t - 77 arrows
 u - 11 javelins
Armour
 a - a +0 robe (worn)
 w - a +0 cloak (worn)
 B - a +3 leather armour of cold resistance
Magical Staves
 I - a staff of fire (weapon)
Jewellery
 c - a +6 ring of intelligence (right hand)
 x - a ring of protection from fire
 G - a ring of see invisible
 J - a ring of fire (left hand)
Wands
 y - a wand of acid (5)
 M - a wand of polymorph (4)
Scrolls
 b - 2 scrolls of magic mapping {unknown}
 d - 9 scrolls of identify {unknown}
 f - 2 scrolls of enchant weapon {unknown}
 g - 3 scrolls of noise {unknown}
 o - a scroll of torment {unknown}
 p - 5 scrolls of blinking {unknown}
 q - 8 scrolls of teleportation {unknown}
 r - 2 scrolls of fog {unknown}
 C - 4 scrolls of amnesia {unknown}
 H - a scroll of holy word {unknown}
Potions
 i - 2 potions of invisibility {unknown}
 j - 2 potions of might {unknown}
 k - 3 potions of heal wounds {unknown}
 l - a potion of cancellation {unknown}
 m - 2 potions of brilliance {unknown}
 v - 2 potions of mutation {unknown}
 z - 3 potions of haste {unknown}
 A - 3 potions of curing {unknown}
 E - 2 potions of lignification {unknown}
 F - a potion of ambrosia {unknown}
 K - a potion of flight {unknown}
 L - a potion of magic {unknown}


   Skills:
 * Level 3.3 Fighting
 + Level 4.6 Dodging
 - Level 2.0 Stealth
 + Level 9.5 Spellcasting


You had 2 spell levels left.
You knew the following spells:

 Your Spells              Type           Power      Damage    Failure   Level
a - Foxfire               Conj/Fire      100%       2x1d9     1%          1
b - Conjure Flame         Conj/Fire      94%        6-21      1%          3
c - Inner Flame           Hex/Fire       94%        N/A       1%          3
d - Sticky Flame          Conj/Fire      94%        2d10      1%          4
e - Fireball              Conj/Fire      47%        3d19      2%          5
f - Sting                 Tmut/Pois      100%       1d8       1%          1
g - Passwall              Tmut/Erth      46%        N/A       1%          2
h - Call Canine Familiar  Summ           56%        N/A       1%          3
i - Iskenderun's Mystic   Conj/Tloc      56%        2d12      1%          4
Your spell library was empty.

Dungeon Overview and Level Annotations

Branches:
Dungeon (7/15)             Temple (0/1) D:5         Ossuary (visited)

Altars:
Elyvilon
Hepliaklqana
Okawaru
Ru
Sif Muna
Trog
Zin
The Shining One

Shops:
D:2 *   D:4 *


Innate Abilities, Weirdness & Mutations

You are immune to sickness and miasma.
You are immune to poison.
Your flesh is very heat resistant. (rF++)
You are vulnerable to cold. (rC-)
You float through the air rather than walking.
You learn spells naturally, not from books.
Your magical power is your life essence.
You have superior vitality. (+4 HP)


Message History

Casting: Sticky Flame (dangerous; 1% risk of failure)
Confirm with . or Enter, or press ? or * to list all spells.
You erupt in a blast of force!
The mystic blast hits the gargoyle!
The gargoyle is moderately damaged.
The gargoyle is knocked back by the mystic blast.
* * * LOW HITPOINT WARNING * * *
The gargoyle burns!
Casting: Iskenderun's Mystic Blast (dangerous; 1% risk of failure)
Confirm with . or Enter, or press ? or * to list all spells.
Aiming: Fireball (dangerous; 2% risk of failure)
Press: ? - help, Shift-Dir - straight line, f/p - gargoyle
Aim: a gargoyle, wielding a +0 dire flail (heavily damaged, covered in liquid flames, haloed)
You feel a strong surge of power!
You miscast Fireball.
You are very lightly contaminated with residual magic.
Nothing appears to happen.
* * * LOW HITPOINT WARNING * * *
The gargoyle burns!
Casting: Fireball (dangerous; 2% risk of failure)
Confirm with . or Enter, or press ? or * to list all spells.
Aiming: Fireball (dangerous; 2% risk of failure)
Press: ? - help, Shift-Dir - straight line, f/p - gargoyle
Aim: a gargoyle, wielding a +0 dire flail (severely damaged, covered in liquid flames, haloed)
You feel a strong surge of power!
The fireball explodes!
The fireball engulfs the gargoyle but does no damage.
The gargoyle is severely damaged.
* * * LOW HITPOINT WARNING * * *
You hear an angry hiss.
The gargoyle burns!
The gargoyle stops burning.
Casting: Fireball (dangerous; 2% risk of failure)
Confirm with . or Enter, or press ? or * to list all spells.
Aiming: Sticky Flame (dangerous; 1% risk of failure)
Press: ? - help, Shift-Dir - straight line, f/p - gargoyle
Aim: a gargoyle, wielding a +0 dire flail (severely damaged, haloed, 100% to hit)
You feel a strong surge of power!
The sticky flame hits the gargoyle.
The gargoyle is severely damaged.
The gargoyle is covered in liquid flames!
* * * LOW HITPOINT WARNING * * *
The gargoyle burns!
The gargoyle hits you with a +0 dire flail!
You die...

..........#......#...............
..........#......#...............
..........#......#...............
..........#......#..[............
[.........#'######........###'#..
..#####...................#...#..
#...................#...#..
#...................'...#..
##########@.........#...#..
......†9.........)#...#..
.#.#.#.#..........###+#..
...####'########.....
################'...#......#.....
.....#.....#....#...#......#.....
.....#.....#....#...#......#...n.
.....#.....#....#...#......#.....
.....#(....#....#...#......#.....


You could see a gargoyle (burning).

Vanquished Creatures
  A steam dragon (D:6)
  4 vampire mosquitoes (D:6)
  2 sky beasts
  An orc warrior (D:4)
  2 ogres (D:6)
  4 necrophages
  A centaur (D:4)
  A bullfrog (D:7)
  2 elf zombies (Ossuary)
  3 scorpions
  A water moccasin skeleton (D:5)
  2 human zombies (Ossuary)
  A jelly (D:7)
  2 orc priests
  2 bullfrog zombies
  3 hounds
  Crazy Yiuf (D:2)
  A gnoll shaman (D:6)
  3 bullfrog skeletons
  2 iguanas
  2 orc wizards (D:4)
  Ijyb (D:4)
  2 hound zombies
  4 mummies (Ossuary)
  A howler monkey zombie (D:7)
  6 gnolls
  5 adders
  A shadow imp (D:7)
  A white imp (D:7)
  2 worms
  4 dart slugs
  9 orcs
  8 bats
  6 endoplasms
  2 giant cockroaches
  4 goblins
  10 hobgoblins
  6 jackals (D:2)
  9 kobolds
  4 quokkas
  4 ball pythons
  4 frilled lizards
  A jackal zombie (Ossuary)
  A kobold zombie (Ossuary)
  5 rats
  2 rat zombies (Ossuary)
143 creatures vanquished.

Vanquished Creatures (collateral kills)
  A hobgoblin zombie (Ossuary)
  2 orc zombies (Ossuary)
3 creatures vanquished.

Vanquished Creatures (others)
  557 foxfires
557 creatures vanquished.

Grand Total: 703 creatures vanquished

Notes
Turn   | Place    | Note
-------+----------+-------------------------------------------
     0 | D:1      | rogsnak the Djinni Fire Elementalist began the quest for
                  | the Orb.
     0 | D:1      | Reached XP level 1. HP: 15/15 MP: 0/0
   368 | D:1      | Reached XP level 2. HP: 18/21 MP: 0/0
   711 | D:1      | Reached skill level 3 in Spellcasting
   834 | D:1      | Reached XP level 3. HP: 23/25 MP: 0/0
   834 | D:1      | Learned a level 1 spell: Sting
  1505 | D:2      | Reached XP level 4. HP: 23/31 MP: 0/0
  2079 | D:2      | Found Xirack's General Store.
  2395 | D:2      | Found a runed translucent door.
  2564 | D:2      | Noticed Crazy Yiuf
  2571 | D:2      | Killed Crazy Yiuf
  2572 | D:2      | Reached XP level 5. HP: 27/35 MP: 0/0
  2572 | D:2      | Learned a level 2 spell: Passwall
  2693 | D:3      | Reached skill level 4 in Spellcasting
  2896 | D:3      | Found a glowing golden altar of the Shining One.
  2914 | D:3      | Became a worshipper of the Shining One
  3031 | D:3      | Found a white marble altar of Elyvilon.
  3232 | D:3      | Found a hazy altar of Hepliaklqana.
  3583 | D:4      | Found Zin's Purification Station.
  3592 | D:4      | Found a glowing silver altar of Zin.
  3660 | D:4      | Reached XP level 6. HP: 32/40 MP: 0/0
  3781 | D:4      | Noticed Ijyb
  4194 | D:4      | Killed Ijyb
  4198 | D:4      | Upgraded the game from 0.28-a0-172-g787e458d71 to
                  | 0.28-a0-178-ga708605c5b
  4387 | D:4      | Reached skill level 5 in Spellcasting
  4556 | D:4      | Reached XP level 7. HP: 38/45 MP: 0/0
  4556 | D:4      | Learned a level 3 spell: Call Canine Familiar
  4951 | D:4      | Reached skill level 6 in Spellcasting
  5202 | D:5      | Entered Level 5 of the Dungeon
  5214 | D:5      | Found a sand-covered staircase.
  5221 | Ossuary  | Entered an ossuary
  5221 | Ossuary  | Reached * piety under the Shining One
  5326 | Ossuary  | Reached XP level 8. HP: 12/51 MP: 0/0
  5446 | Ossuary  | Reached ** piety under the Shining One
  5763 | D:5      | Reached skill level 7 in Spellcasting
  5857 | D:5      | Found an iron altar of Okawaru.
  5935 | D:5      | Reached skill level 1 in Fighting
  6002 | D:5      | Found a staircase to the Ecumenical Temple.
  6766 | D:6      | Reached skill level 8 in Spellcasting
  6766 | D:6      | Reached XP level 9. HP: 38/57 MP: 0/0
  6766 | D:6      | Learned a level 4 spell: Iskenderun's Mystic Blast
  7270 | D:6      | Reached skill level 9 in Spellcasting
  7542 | D:6      | Found a bloodstained altar of Trog.
  7542 | D:6      | Found a sacrificial altar of Ru.
  7635 | D:6      | Upgraded the game from 0.28-a0-178-ga708605c5b to
                  | 0.28-a0-194-g42b4daccc1
  7883 | D:7      | Reached *** piety under the Shining One
  8044 | D:7      | Found the +5 robe of Night {Dark Will+ SInv}
  8230 | D:7      | Noticed a gargoyle
  8235 | D:7      | Reached XP level 10. HP: 24/67 MP: 0/0
  8238 | D:7      | Mangled by a gargoyle

Illustrated notes

Levels and vault maps discovered:
D:1:      dpeg_arrival_windows_large_door, layout_basic, minmay_pentomino_x4
D:2:      minmay_kobold_bridge, layout_basic, serial_shops, nicolae_square_shop,
          uniq_crazy_yiuf_cottage
D:3:      layout_basic, mainiacjoe_overflow_small_starburst,
          amcnicky_altar_gilded, elyvilon_altar_1
D:4:      layout_cave_pods, nicolae_sif_muna_little_library, zin_purify,
          serial_rivers, chequers_serial_rivers_room_b,
          chequers_serial_rivers_micro_e, chequers_serial_rivers_large_a,
          chequers_serial_rivers_small_b, chequers_serial_rivers_large_b,
          chequers_serial_rivers_room_a, chequers_serial_rivers_micro_c,
          uniq_ijyb
D:5:      layout_gridville, okawaru_trees_2, temple_hall,
          chequers_ossuary_entry_cave
D:6:      layout_rooms, gammafunk_temple_overflow_elements,
          corexii_hall_statues_x
D:7:      layout_gridville, minmay_strange_pillars, grunt_decor_cap,
          hangedman_minor_gate_pass, uniq_prince_ribbit1

Skill      XL: |  1  2  3  4  5  6  7  8  9 |
---------------+----------------------------+-----
Spellcasting   | 3 4 5 6 8 9 |  9.5
Stealth        | 2 |  2.0
Dodging        | 3 4 |  4.6
Fighting       | 1 3 |  3.3

Action                   |  1- 3 |  4- 6 |  7- 9 | 10-12 || total
-------------------------+-------+-------+-------+-------++-------
Melee: Whip              |     7 |       |       |       ||     7
       Dagger            |       |    19 |       |       ||    19
       Mace              |       |     5 |     6 |       ||    11
       Staff             |       |       |    19 |       ||    19
 Cast: Foxfire           |    60 |   108 |   165 |       ||   333
       Sting             |     2 |     8 |     6 |       ||    16
       Sticky Flame      |       |     2 |    12 |     1 ||    15
       Fireball          |       |       |    10 |     1 ||    11
       Call Canine Famil |       |       |     1 |       ||     1
       Iskenderun's Myst |       |       |     1 |     1 ||     2
Armor: Robe              |     1 |     2 |     4 |       ||     7
Dodge: Dodged            |     3 |    15 |    41 |       ||    59

Table legend: (Time is in decaauts)
 A = Elapsed time spent in this place.
 B = Non-inter-level travel time spent in this place.
 C = Inter-level travel time spent in this place.
 D = Time resting spent in this place.
 E = Time spent auto-exploring this place.
 F = Levels seen in this place.
 G = Mean time per level.
                   A        B        C        D        E       F      G
               +--------+--------+--------+--------+--------+-----+--------+
         Total |   8237 |   8050 |    187 |   1114 |   5054 |   8 | 1029.6 |
       Dungeon |   7726 |   7539 |    187 |    969 |   5054 |   7 | 1103.7 |
       Ossuary |    510 |    510 |      0 |    145 |      0 |   1 |  510.0 |
               +--------+--------+--------+--------+--------+-----+--------+

Top non-repeatable levels by time:
     D:4: 1486 daAuts
     D:1: 1369 daAuts
     D:2: 1312 daAuts
     D:3: 1031 daAuts
     D:5: 1026 daAuts
     D:6: 963 daAuts
     D:7: 538 daAuts
 Ossuary: 510 daAuts
